Cogmind - Beta 17.1 @@@ ROGUE MODE // 2026.08.31 @ 01:48:29 Player: Godsword Result: Self-destructed Performance ------------- Evolutions (2) 1000 Regions Visited (4) 800 Robots Destroyed (9) 45 Value Destroyed (357) 357 Prototype IDs (2) 40 Alien Tech Used (0) 0 Bonus (200) 200 TOTAL SCORE: 2442 Bonus ------- Pacifist 200 Cogmind --------- Core Integrity 456/550 Matter 290/300 Energy 189/240 System Corruption 0% Temperature Cool (0) Movement Hovering (116) Ox1 Location -8/Materials Parts ------- > --- POWER (1) -------- Nuclear Core > --- PROPULSION (4) --- Hover Unit Improved Hover Unit > --- UTILITY (4) ------ Cooling System Medium Storage Unit Improved Sensor Array > --- WEAPON (2) ------- Light EM Pulse Cannon > --- INVENTORY (10) --- Light Nuclear Core Advanced Weight Redist. System Light EM Pulse Cannon Peak State ------------ > --- POWER ------------ Nuclear Core > --- PROPULSION ------- Hover Unit Improved Hover Unit Improved Hover Unit Improved Hover Unit > --- UTILITY ---------- Cooling System Medium Storage Unit Advanced Weight Redist. System Improved Sensor Array > --- WEAPON ----------- Light EM Pulse Cannon EM Pulse Cannon > --- INVENTORY -------- Light Nuclear Core Hover Unit Hover Unit Hover Unit Light EM Pulse Cannon [Rating: 24] Favorites ----------- Power Nuclear Core Engine Ion Engine Power Core Nuclear Core Propulsion Improved Hover Unit Hover Unit Improved Hover Unit Utility Light Armor Plating Device Cooling System Storage Medium Storage Unit Protection Light Armor Plating Weapon EM Pulse Gun Energy Gun EM Pulse Gun Energy Cannon EM Pulse Cannon Build | -11 -10 -9 -9 -8 ------- Run | Yrd Mat Mat Min Mat Slots Evolved 4 | . . 2 . 2 Power . | . . . . . Propulsion 2 | . . 2 . . Utility 2 | . . . . 2 Weapon . | . . . . . Parts Attached 28 | 1 7 7 . 13 Power 3 | 1 . 1 . 1 Engine 2 | 1 . 1 . . Core 1 | . . . . 1 Reactor . | . . . . . Propulsion 8 | . 2 2 . 4 Treads . | . . . . . Leg . | . . . . . Wheel . | . . . . . Hover 8 | . 2 2 . 4 Flight . | . . . . . Utility 10 | . 2 2 . 6 Device 3 | . . . . 3 Storage 1 | . . . . 1 Processor . | . . . . . Hackware . | . . . . . Protection 6 | . 2 2 . 2 Artifact . | . . . . . Weapon 7 | . 3 2 . 2 Energy Gun 5 | . 3 2 . . Energy Cannon 2 | . . . . 2 Ballistic Gun . | . . . . . Ballistic Cannon . | . . . . . Launcher . | . . . . . Special Weapon . | . . . . . Impact Weapon . | . . . . . Slashing Weapon . | . . . . . Piercing Weapon . | . . . . . Special Melee Weapon . | . . . . . Unidentified Prototypes 2 | . 1 1 . . Parts Lost 13 | . . . . 13 Power . | . . . . . Propulsion 6 | . . . . 6 Utility 4 | . . . . 4 Weapon 3 | . . . . 3 Highest Loss Streak 7 | . . . . 7 To Critical Strikes . | . . . . . Average Backups 4 | . 1 4 5 5 Power . | . . . 1 1 Propulsion 1 | . . 1 2 2 Utility 1 | . 1 2 2 . Weapon . | . . . . . Tool/Special . | . . . . . Unused Backups 7 | . 1 3 . 3 Power 1 | . . . . 1 Propulsion . | . . . . . Utility 3 | . . 3 . . Weapon 3 | . 1 . . 2 Tool/Special . | . . . . . Average Slot Usage (%) 81 | . 27 97 100 93 Engine 6 | . 14 11 11 . Core 4 | . . . . 8 Hover 31 | . 6 43 44 35 Device 8 | . . . . 15 Storage 1 | . . . . 2 Protection 13 | . 4 20 22 13 Energy Gun 10 | . 2 22 22 7 Energy Cannon 5 | . . . . 10 Peak Build Rating 24 | 1 9 15 14 24 Average Rating 14 | . 2 12 14 20 On Entrance 7 | . 1 9 14 14 Avg Prop Armor Cover (%) . | . . . . . Naked Turns . | . . . . . Heaviest Build 33 | 3 9 16 16 33 Greatest Support 32 | 3 14 32 32 32 Greatest Overweight (x) 4 | . . . . 4 Average Overweight (x) . | . . . . . Largest Inventory Capacity 10 | 5 5 5 5 10 Average Capacity 5 | 5 5 5 5 6 Most Carried 6 | . 5 5 5 6 Average Carried 4 | . 2 4 5 5 Final Capacity 10 | 5 5 5 5 10 Final Carried 5 | . 5 5 5 3 Class Distribution -------------------- 100% | Mutant Dominant Class ---------------- Mutant | -10/Materials Mutant | -9/Materials Mutant | -9/Mines Mutant | -8/Materials Resources | -11 -10 -9 -9 -8 ----------- Run | Yrd Mat Mat Min Mat Matter Collected 448 | 210 48 120 . 70 Remotely . | . . . . . Salvage Created 450 | . . 132 . 318 Parts 29 | . . 12 . 17 Haulers Intercepted . | . . . . . Recyclers Shooed . | . . . . . Parts Field Recycled . | . . . . . Retrieved Matter . | . . . . . Parts Self-Destructed . | . . . . . Prevented . | . . . . . Parts Restored . | . . . . . Kills | -11 -10 -9 -9 -8 ------- Run | Yrd Mat Mat Min Mat Combat Hostiles Destroyed 7 | . . 1 . 6 Guns 3 | . . 1 . 2 Cannons 2 | . . . . 2 AOE 1 | . . . . 1 Classes Destroyed 4 | . . 2 . 2 Operator 2 | . . 1 . 1 Grunt 3 | . . . . 3 Sentry 3 | . . 1 . 2 Hunter 1 | . . . . 1 Best Kill Streak 2 | . . 1 . 2 Combat Bots Only 2 | . . 1 . 2 Max Kills in Single Turn 2 | . . 1 . 2 Gunslinging . | . . . . . Exploded 1 | . . . . 1 Melee . | . . . . . Uniques/NPCs Destroyed . | . . . . . Combat | -11 -10 -9 -9 -8 -------- Run | Yrd Mat Mat Min Mat Hostile Shots Fired 104 | . . 4 . 100 Missed 29 | . . 1 . 28 Hits 75 | . . 3 . 72 Projectile 75 | . . 3 . 72 Critical Strikes 3 | . . . . 3 Damage Taken 1057 | . 20 45 . 992 Core 94 | . . . . 94 Absorbed by Shields . | . . . . . Core Remaining (%) 100 | 100 100 . 100 . Volleys Fired 26 | . . 5 . 21 Largest 2 | . . 2 . 2 Hottest 119 | . . 80 . 119 Shots Fired 44 | . . 10 . 34 Gun 34 | . . 10 . 24 Cannon 10 | . . . . 10 Launcher . | . . . . . Special . | . . . . . Kinetic . | . . . . . Thermal . | . . . . . Explosive . | . . . . . Electromagnetic 44 | . . 10 . 34 Robot Hit Streak 7 | . . 7 . 5 Robot Miss Streak 3 | . . 1 . 3 Penetration Max . | . . . . . Secondary Targets 1 | . . . . 1 Max Gunslinging Chain 1 | . . . . 1 Shots Hit Robots 28 | . . 7 . 21 Core Hits 14 | . . 4 . 10 Critical Kills . | . . . . . Critical Parts Destroyed . | . . . . . Critical Strikes 3 | . . 1 . 2 Corrupt 3 | . . 1 . 2 Melee Attacks . | . . . . . Impact . | . . . . . Slashing . | . . . . . Piercing . | . . . . . Sneak Attacks . | . . . . . Combat Hostiles . | . . . . . Follow-up Attacks . | . . . . . Damage Inflicted 709 | . . 82 . 627 Guns 307 | . . 82 . 225 Cannons 132 | . . . . 132 Explosions 270 | . . . . 270 Melee . | . . . . . Ramming . | . . . . . Kinetic . | . . . . . Thermal 40 | . . . . 40 Explosive 230 | . . . . 230 Electromagnetic 439 | . . 82 . 357 Impact . | . . . . . Slashing . | . . . . . Piercing . | . . . . . Highest Corruption 2 | . . 2 2 . Average Corruption 2 | . . 2 2 . Corruption Purged . | . . . . . Corruption Blocked . | . . . . . Overload Shots . | . . . . . Overflow Damage 33 | . . . . 33 Projectiles . | . . . . . Explosions 33 | . . . . 33 Melee . | . . . . . Knockbacks . | . . . . . Impact . | . . . . . Kinetic . | . . . . . Secondary . | . . . . . Self-Inflicted Damage 12 | . . . . 12 Shots 1 | . . . . 1 Rammed . | . . . . . Targets Rammed . | . . . . . Kicked . | . . . . . Crushed . | . . . . . Highest Temperature 384 | . . 126 . 384 Average Temperature 138 | . . 59 . 192 Received Heat Transfer 270 | . . 9 . 261 Effects 4 | . . . . 4 Shutdowns 1 | . . . . 1 Energy Bleed 1 | . . . . 1 Interference 2 | . . . . 2 Siege Activations . | . . . . . Martial Activations . | . . . . . Shielding Activations . | . . . . . Robots Disrupted . | . . . . . Combat Hostiles . | . . . . . Robots Corrupted 1 | . . . . 1 Combat Hostiles 1 | . . . . 1 Parts Fried 3 | . . 2 . 1 Impact Corruptions . | . . . . . Robots Melted . | . . . . . Combat Hostiles . | . . . . . Parts Melted . | . . . . . Heat Transferred 50 | . . . . 50 Parts Sabotaged . | . . . . . Parts Stolen . | . . . . . Parts Stripped . | . . . . . Power Chain Reactions 1 | . . . . 1 Alert | -11 -10 -9 -9 -8 ------- Run | Yrd Mat Mat Min Mat Maximum Alert Level 1 | . . . . 1 Low Security (%) 95 | 100 100 100 100 92 Level 1 4 | . . . . 7 Level 2 . | . . . . . Level 3 . | . . . . . Level 4 . | . . . . . Level 5 . | . . . . . High Security . | . . . . . Max Security . | . . . . . Peak Influence 211 | . . 30 9 211 Initial 9 | . . . 9 3 Average 44 | . . 5 9 78 Influence Increases 423 | . . 42 . 381 Destroy 0b10 Robot/C 140 | . . 20 . 120 Destroy 0b10 Robot/NC 10 | . . 10 . . Destroy Leader 40 | . . 10 . 30 Successful Hack 8 | . . 2 . 6 Disable Machine 15 | . . . . 15 Destroy Structure 15 | . . . . 15 Partial Spotted 15 | . . . . 15 Lose Combat Pursuer 180 | . . . . 180 Influence Decreases 312 | . . 17 16 279 Entered New Map 22 | . . . 16 6 Time Decay 160 | . . 17 . 143 Lost Part 130 | . . . . 130 Squads Dispatched 5 | . . . . 5 Investigation 1 | . . . . 1 Extermination . | . . . . . Reinforcement 4 | . . . . 4 Assault . | . . . . . Garrison . | . . . . . Intercept . | . . . . . Searches Triggered . | . . . . . Construction Impeded . | . . . . . Haulers Reinforced . | . . . . . Active Scanning Responses . | . . . . . Cargo Convoy Interrupts . | . . . . . Stealth | -11 -10 -9 -9 -8 --------- Run | Yrd Mat Mat Min Mat Distress Signals 1 | . . . . 1 Communications Jammed . | . . . . . Distress Signals . | . . . . . Times Spotted 29 | . 1 2 . 26 Peak Tracking Total 7 | . 1 1 . 7 Tactical Retreats 6 | . . . . 6 Traps | -11 -10 -9 -9 -8 ------- Run | Yrd Mat Mat Min Mat Traps Triggered 2 | . 1 . . 1 Indirectly . | . . . . . Trap Hack Attempts . | . . . . . Triggered . | . . . . . Disarmed . | . . . . . Reprogrammed . | . . . . . Reused . | . . . . . Traps Extracted . | . . . . . Installed . | . . . . . Triggered . | . . . . . Machines | -11 -10 -9 -9 -8 ---------- Run | Yrd Mat Mat Min Mat Machines Disabled 1 | . . . . 1 Max in Single Turn 1 | . . . . 1 Machines Repaired . | . . . . . Machines Dismantled . | . . . . . Machines Sabotaged . | . . . . . Overloaded Fab Kills . | . . . . . Hacking | -11 -10 -9 -9 -8 --------- Run | Yrd Mat Mat Min Mat Machines Accessed 3 | . . 2 . 1 Terminals 2 | . . 1 . 1 Fabricators . | . . . . . Repair Stations . | . . . . . Recycling Units . | . . . . . Scanalyzers 1 | . . 1 . . Garrison Access . | . . . . . Total Hacks 6 | . . 4 . 2 Successful 3 | . . 2 . 1 Failed 3 | . . 2 . 1 Catastrophic 1 | . . 1 . . Database Lockouts . | . . . . . Manual 3 | . . 1 . 2 Terminals 3 | . . 1 . 2 Fabricators . | . . . . . Repair Stations . | . . . . . Recycling Units . | . . . . . Scanalyzers 3 | . . 3 . . Garrison Access . | . . . . . Terminal Hacks . | . . . . . Fabricator Hacks . | . . . . . Repair Station Hacks . | . . . . . Recycling Unit Hacks . | . . . . . Scanalyzer 2 | . . 2 . . Retrieve Study 2 | . . 2 . . Garrison Access Hacks . | . . . . . Unauthorized Hacks 1 | . . . . 1 Terminals 1 | . . . . 1 Assimilate 1 | . . . . 1 Fabricators . | . . . . . Repair Stations . | . . . . . Recycling Units . | . . . . . Scanalyzers . | . . . . . Garrison Access . | . . . . . Data Cores Recovered 1 | . . 1 . . Used . | . . . . . Hacking Detections 3 | . . 2 . 1 Full Trace Events . | . . . . . Feedback Events . | . . . . . Feedback Blocked . | . . . . . Robot Schematics Acquired . | . . . . . Robots Built . | . . . . . Authchips . | . . . . . Time . | . . . . . Total Robot Build Rating . | . . . . . Part Schematics Acquired . | . . . . . Parts Built . | . . . . . Authchips . | . . . . . Time . | . . . . . Total Part Build Rating . | . . . . . Part Studies Acquired 2 | . . 2 . . Parts Repaired . | . . . . . Time . | . . . . . Parts Recycled . | . . . . . Recycled Matter . | . . . . . Retrieved Matter . | . . . . . Retrieved Components . | . . . . . Parts Scanalyzed . | . . . . . Part Schematics Acquired . | . . . . . Parts Damaged . | . . . . . Bothacking | -11 -10 -9 -9 -8 ------------ Run | Yrd Mat Mat Min Mat Used RIF Installer . | . . . . . Robots Hacked . | . . . . . Non-combat . | . . . . . Combat . | . . . . . Robot Hacks Applied . | . . . . . Relay Couplers Released . | . . . . . Fabnet Peak Effective % . | . . . . . Robots Rewired . | . . . . . Allies Hacked . | . . . . . Hacks Repelled . | . . . . . Allies | -11 -10 -9 -9 -8 -------- Run | Yrd Mat Mat Min Mat Total Allies 2 | . . . 1 1 Largest Group 1 | . . . 1 1 Highest-Rated Group 31 | . . . 31 31 Highest-Rated Ally 31 | . . . 31 31 Total Orders . | . . . . . Ally Attacks 2 | . . . . 2 Total Damage . | . . . . . Kills . | . . . . . Allies Corrupted . | . . . . . Allies Melted . | . . . . . Intel | -11 -10 -9 -9 -8 ------- Run | Yrd Mat Mat Min Mat Active Infowar (turns) 141 | . . . . 141 Sensors 141 | . . . . 141 Robot Analysis Total . | . . . . . Derelict Logs Recovered 1 | . . . 1 . Drone Launches . | . . . . . Drone Recoveries . | . . . . . Exploration | -11 -10 -9 -9 -8 ------------- Run | Yrd Mat Mat Min Mat Turns Passed 634 | 14 121 134 12 353 Spaces Moved 740 | 24 147 147 16 406 Core 132 | 24 108 . . . Treads . | . . . . . Legs . | . . . . . Wheels . | . . . . . Hover 608 | . 39 147 16 406 Flight . | . . . . . Fastest Speed 48 | 50 50 48 48 48 Average Speed 52 | 50 51 48 48 54 Slowest Speed 300 | 50 60 48 48 300 Overloaded Moves . | . . . . . Propulsion Burnouts . | . . . . . Robots Hopped . | . . . . . Potential Cave-ins . | . . . . . Cave-ins Triggered . | . . . . . Exploration Rate (%) 19 | 3 35 13 5 42 Regions Visited 4 Branch Regions 1 Pre-discovered Areas . | . . . . . Known Exits Taken . | . . . . . Unknown Exits Taken 4 | 1 1 1 1 . Scrap Searched . | . . . . . Spaces Dug . | . . . . . Terrain Destroyed 16 | . . . . 16 Melee . | . . . . . Projectile . | . . . . . AOE 16 | . . . . 16 Terrain Rammed . | . . . . . Walls Destroyed . | . . . . . Machines Disabled . | . . . . . Actions | -11 -10 -9 -9 -8 --------- Run | Yrd Mat Mat Min Mat Total 935 | 24 189 202 19 501 Wait 111 | . 28 28 4 51 Move 736 | 23 146 146 15 406 Hop . | . . . . . Pick Up 18 | . 6 5 . 7 Fast Attach 16 | 1 7 4 . 4 Attach 9 | . . 2 . 7 Detach 2 | . . 2 . . Swap 4 | . . 2 . 2 Drop 13 | . 2 8 . 3 Fire 26 | . . 5 . 21 Melee . | . . . . . Ram . | . . . . . Kick . | . . . . . Crush . | . . . . . Escape Stasis . | . . . . . Rewire . | . . . . . Trap . | . . . . . Miscellaneous . | . . . . . Route ------- -11/Scrapyard -10/Materials -9/Materials -9/Mines -8/Materials History --------- Turn | Location | Event 8 | -11/Scrapyard | Discovered new exit (range 12) 15 | -11/Scrapyard | Entered Materials 128 | -10/Materials | Discovered new exit (range 16) 136 | -10/Materials | Entered another Materials area 136 | -9/Materials | Evolved 2 slots: Propulsion x2 253 | -9/Materials | Discovered new exit (range 7) 270 | -9/Materials | Entered Mines 271 | -9/Mines | Discovered new exit (range 7) 273 | -9/Mines | Learned location of 1 exit from Lower Caves 275 | -9/Mines | Received a Mining Laser from a helpful Derelict 282 | -9/Mines | Entered Materials 282 | -8/Materials | Accompanied by 1 ally 282 | -8/Materials | Evolved 2 slots: Utility x2 304 | -8/Materials | Build established: Mutant 481 | -8/Materials | Lost 4 parts (1n2u1w) 635 | -8/Materials | Self-destructed Last Messages --------------- 00485_ ALERT: Suspicious intruders detected, dispatching Specialist reinforcements to area. 00494_ Acquired Imp. Sensor Array. 00538_ Acquired Med. Storage Unit. 00560_ W-25 Informer sends out distress signal. 00572_ Y-45 Defender destroyed. 00576_ Acquired Lgt. Armor Plating. 00577_ Acquired 20 matter. 00579_ R-06 Scavenger collects Corrupted Imp. Ion Engine. 00619_ Imp. Hover Unit+ destroyed. 00619_ Hover Unit+ destroyed. 00620_ Imp. Hover Unit+ destroyed. 00621_ Drone sends a signal. 00625_ ALERT: Suspicious intruders detected, dispatching Specialist reinforcements to area. 00635_ EM Pulse Cannon destroyed. 00635_ Hover Unit+ destroyed. 00635_ Lgt. Armor Plating destroyed. 00635_ Hover Unit+ destroyed. Map ----- +----------------------------------------------------+ | ?????????# # #??# #????????????????? | | ?????????# + #### #????????????????? | | ?????????# # #????????????????? | | ?????????# # #????????????????? | | ?????????# # #????????????????? | | ?????????# # ########??????##########? | | ?????????########## *=#?????????????# #? | | ??????????????????# %#?????????????# """"" #? | | ??????????????????# ############### """"" #? | | ??????????????????# # """"" #? | | ??????????????????# + """"" #? | | ??????????????????# # """"" #? | | ??????????????????######### ####### # """"" #? | | ??????????????????????????# #?????# # """"" #? | | ??????????????????????????# #?????# # #? | | ??????????????????????????#+#######+##########? | | ??????????????????????????# #?????????? | | ??????????????????????????# #?????????? | | ??????????????????????????# """ #?????????? | | ??????????????????????????# """"" #?????????? | | ??????????????????????????# """"" #?????????? | | ??????????????????????????# """"" #???????### | | ??????????????????????????# """ #???????# | | ??????????????????????????# = #???????#! | | ????????????# ##+###########+#####???????# | | ???????# @ x #???????????# | | ???????# [r x #???????????# | | ??????????### ##+#########+########??????## | | ????????????##?????????????# #???????#? | | ???????????????????????????# """ """ #????????? | | ???????????????????????????# """ """ #????????? | | ???????????????????????????# """ """ #########? | | ???????????????????????????# """ """ / #? | | ???????????????????????????# """ """ ####### #? | | ??????????????H????????????# #?????# ## | | ???????????????????????????# #?????# | | ???????????????????????????###########?????#### | | ??????????????????????????????????????????????? | | ??????????????????????????????????????????????? | | ??????????????????????????????????????????????? | | | | | | | | | | | | | | | | | | | | | +----------------------------------------------------+ Best States ------------- Heat Dissipation 53 Energy Generation 14 Energy Capacity 250 Matter Stores 300 Matter Capacity 300 Sight Range 16 Robot Scan Range 15 Terrain Scan Density 10 Armor Coverage 450 Utility Shielding 33 Evasion (%) 55 Item Schematics ----------------- None Robot Schematics ------------------ None Fabricated ------------ Nothing Repaired ---------- Nothing Studied --------- Imp. Hover Unit | -9/Materials | Hacked Hover Unit | -9/Materials | Hacked Alien Tech Used ----------------- None Achievements -------------- None Challenges ------------ None Game ------ Seed LayeredGlidesysAirjet Manual? 0 Play Time 00:12:58 Cumulative 40.7 hours Start 2026.08.31 @ 01:37:45 End 2026.08.31 @ 01:48:29 Sessions 1 Manual Loads 0 Difficulty Rogue Special Mode None Game No. 101 Rogue 101 Adventurer 0 Explorer 0 Win Type - Total 3 Types 3/0/0/0/0/0/0/0/0/0 Lore% 40 Gallery% 35 Achievement% 41 Wizard Run 0 Options --------- Layout 2 ASCII 0 Keyboard 0 Movement Mouse Keybinds 0 Fullscreen 1 Font 16/SmallcapsGlow Map View 50x49 Zoom Use 0% Tactical HUD 1 Map Filters NONE Filters NONE Steam SD RUN: b6023ba6-5f11-4c85-95fe-81764194ec4a